 Dungeon Crawl Stone Soup version 0.28-a0-8-g6e044cfa68 (webtiles) character file.

Game seed: 15261817152758751810

7 avis the Chopper (level 2, 26/26 HPs)
             Began as a Hill Orc Monk on July 23, 2021.
             Got out of the dungeon alive.
             The game lasted 00:02:23 (504 turns).

avis the Chopper (Hill Orc Monk)                     Turns: 504, Time: 00:02:24

Health: 26/26      AC:  2    Str: 13    XL:     2   Next: 4%
Magic:  2/2        EV: 12    Int: 10    God:
Gold:   41         SH:  0    Dex: 13    Spells: 1/1 levels left

rFire   . . .      SeeInvis .   a - +0 hand axe
rCold   . . .      Faith    .   (no shield)
rNeg    . . .      Spirit   .   b - +0 robe
rPois   .          Reflect  .   (no helmet)
rElec   .          Harm     .   (no cloak)
rCorr   .          Rampage  .   (no gloves)
Will    .....                   (no boots)
Stlth   ++........              (no amulet)
HPRegen 0.08/turn               (no ring)
MPRegen 0.08/turn               (no ring)

@: no status effects
A: no striking features
a: no special abilities


You escaped.
You visited 1 branch of the dungeon, and saw 1 of its levels.

You collected 41 gold pieces.

Inventory:

Hand Weapons
 a - a +0 hand axe (weapon)
Missiles
 c - 19 arrows
 d - 45 stones (quivered)
Armour
 b - a +0 robe (worn)


   Skills:
 - Level 3.6 Fighting
 * Level 4.7 Axes
 - Level 2.4 Dodging
 - Level 1.5 Stealth


You had one spell level left.
You didn't know any spells.
Your spell library was empty.

Dungeon Overview and Level Annotations

Branches:
Dungeon (1/15)

Altars:


Message History

You hit the hobgoblin but do no damage.
The hobgoblin is lightly wounded.
The hobgoblin hits you.
You hit the hobgoblin.
The hobgoblin is almost dead.
The hobgoblin barely misses you.
You hit the hobgoblin but do no damage.
The hobgoblin is almost dead.
The hobgoblin hits you but does no damage.
The hobgoblin closely misses you.
You hit the hobgoblin.
You kill the hobgoblin!
You barely miss the goblin. The goblin hits you with a +0 dagger.
You barely miss the goblin. The goblin barely misses you.
You barely miss the goblin. The goblin hits you with a +0 dagger.
You miss the goblin.
The goblin hits you with a +0 dagger. x2
You hit the goblin.
You kill the goblin!
Things that are here:
a +0 dagger; a goblin corpse You see here a hobgoblin corpse.
You now have 41 gold pieces (gained 6).
You start resting.
An endoplasm comes into view.
An endoplasm is nearby!
An endoplasm is nearby!
You see here a hobgoblin corpse.
The endoplasm quivers.
Things that are here:
a +0 dagger; a goblin corpse You hit the endoplasm.
You kill the endoplasm!
You have reached level 2!
You start resting.
HP restored.
You enter the shallow water.
Moving in this stuff is going to be slow.
There is a staircase leading out of the dungeon here.
Are you sure you want to leave the Dungeon?
This will make you lose the game!
You have escaped!

#....... #.........
#......# #.........
#......# #.........
########.###########.#...
#≈≈≈≈≈≈≈.≈≈≈≈≈≈≈# #...##
#≈≈≈≈≈.....≈≈≈≈≈# #..##
#≈≈....≈≈≈....≈≈####.##
#≈...≈≈≈.≈≈≈...≈#....#
#≈..≈≈..@.≈≈≈.....####
#≈...≈≈≈.≈≈≈...≈###
#≈≈....≈≈≈....≈≈#
#≈≈≈≈≈.....≈≈≈≈≈#
#≈≈≈≈≈≈≈≈≈≈≈≈≈≈≈#
#################


There were no monsters in sight!

Vanquished Creatures
  An endoplasm (D:1)
  A goblin (D:1)
  3 hobgoblins (D:1)
  A rat (D:1)
6 creatures vanquished.

Notes
Turn   | Place    | Note
-------+----------+-------------------------------------------
     0 | D:1      | avis the Hill Orc Monk began the quest for the Orb.
     0 | D:1      | Reached XP level 1. HP: 19/19 MP: 1/1
   332 | D:1      | Reached XP level 2. HP: 15/26 MP: 2/2
   504 | D:$      | Got out of the dungeon alive.

Illustrated notes

Levels and vault maps discovered:
D:1:      dpeg_arrival_shrine, layout_rooms,
          shapermc_ecumenical_altar_mp_highgroup, serial_shops, shop_statue

Action                   || total
-------------------------++-------
Melee: Hand axe          ||    19
Armor: Robe              ||     1
Dodge: Dodged            ||     9

Table legend: (Time is in decaauts)
 A = Elapsed time spent in this place.
 B = Non-inter-level travel time spent in this place.
 C = Inter-level travel time spent in this place.
 D = Time resting spent in this place.
 E = Time spent auto-exploring this place.
 F = Levels seen in this place.
 G = Mean time per level.
                   A        B        C        D        E       F      G
               +--------+--------+--------+--------+--------+-----+--------+
         Total |    508 |    472 |     36 |    355 |     22 |   1 |  508.0 |
       Dungeon |    508 |    472 |     36 |    355 |     22 |   1 |  508.0 |
               +--------+--------+--------+--------+--------+-----+--------+

Top non-repeatable levels by time:
     D:1: 508 daAuts
